[ AOE2 MATCH · #480047507 ]
UnrankedLithuanians vs Maya
[ REPLAY ANALYSIS · EXTRACTED FROM THE RECORDED GAME ]
Feudal
8:51
Castle
25:17
Imperial
—
| APM avg | 26.9 |
| APM peak | 49 |
| eAPM avg | 13.1 |
| Villagers / military | 62 / 17 |
Focus
⚔️ 31.6% · 🌾 68.4%
Scout Cavalry ×16 · Monk ×1
Feudal
8:51
Castle
24:19
Imperial
—
| APM avg | 73.2 |
| APM peak | 143 |
| eAPM avg | 34.4 |
| Villagers / military | 66 / 69 |
Focus
⚔️ 32.5% · 🌾 67.5%
Knight ×47 · Scout Cavalry ×22
Feudal
10:05
Castle
22:05
Imperial
—
| APM avg | 74.8 |
| APM peak | 168 |
| eAPM avg | 27.1 |
| Villagers / military | 101 / 53 |
Focus
⚔️ 37.7% · 🌾 62.3%
Archer ×53
Feudal
14:36
Castle
19:58
Imperial
—
| APM avg | 43.4 |
| APM peak | 125 |
| eAPM avg | 19.8 |
| Villagers / military | 64 / 57 |
Focus
⚔️ 41.6% · 🌾 58.4%
Archer ×55 · Mangonel ×2
Feudal
8:51
Castle
21:52
Imperial
—
| APM avg | 45.3 |
| APM peak | 76 |
| eAPM avg | 19.2 |
| Villagers / military | 89 / 67 |
Focus
⚔️ 37.3% · 🌾 62.7%
Archer ×66 · Spearman ×1
Feudal
9:00
Castle
21:47
Imperial
—
| APM avg | 48.4 |
| APM peak | 113 |
| eAPM avg | 16.5 |
| Villagers / military | 76 / 12 |
Focus
⚔️ 32.7% · 🌾 67.3%
Unknown (1908) ×25 · Scout Cavalry ×12
Feudal
9:25
Castle
26:14
Imperial
—
| APM avg | 24.5 |
| APM peak | 41 |
| eAPM avg | 11.9 |
| Villagers / military | 56 / 52 |
Focus
⚔️ 19.9% · 🌾 80.1%
Archer ×52
Feudal
8:30
Castle
22:34
Imperial
—
| APM avg | 51.4 |
| APM peak | 81 |
| eAPM avg | 25.7 |
| Villagers / military | 112 / 50 |
Focus
⚔️ 28.7% · 🌾 71.3%
Knight ×37 · Scout Cavalry ×13
Match map
Initial resources + every placement click. Lines = walls · curves = elevation contours. ◆ gold · ⬟ stone · ● berries · ✦ relic · ◌ wall gap
Your base· Open — 1t gap
fouseyfire's base· ✓ Closed at 24:19 · 55t walls · 1 gate(s)
__67_7SmigoL._Arg's base· ✓ Closed at 22:05 · 66t walls · 1 gate(s)
Pandora_heart's base· ✓ Closed at 19:58 · 79t walls · 1 gate(s)
queKa's base· Open — 6t gap
__91_Minatus_Arg's base· ✓ Closed at 21:47 · 48t walls · no gate
.'s base· Open — unwalled flank
__97_Unknown_Arg's base· Open — 7t gap
Smoothed initial terrain · ◌ = detected wall gap · hover for details
Inputs per minute
— bdstanley32 - - fouseyfire
Build order — bdstanley32
First 150 of 165 actions detected
| 0:01 | Create | Villager (Male) |
| 0:01 | Create | Villager (Male) |
| 0:01 | Create | Villager (Male) |
| 0:02 | Create | Villager (Male) |
| 0:03 | Build | House |
| 0:04 | Build | House |
| 1:30 | Create | Villager (Male) |
| 2:01 | Create | Villager (Male) |
| 2:01 | Create | Villager (Male) |
| 2:14 | Build | Lumber Camp |
| 2:46 | Create | Villager (Male) |
| 3:01 | Build | House |
| 3:07 | Create | Villager (Male) |
| 3:36 | Create | Villager (Male) |
| 3:58 | Create | Villager (Male) |
| 4:22 | Create | Villager (Male) |
| 4:25 | Create | Villager (Male) |
| 5:16 | Build | Mill |
| 5:19 | Create | Villager (Male) |
| 5:49 | Create | Villager (Male) |
| 6:07 | Research | Loom |
| 6:34 | Research | Feudal Age |
| 7:09 | Build | Barracks |
| 7:11 | Build | Palisade Wall |
| 7:50 | Build | House |
| 8:31 | Create | Villager (Male) |
| 8:44 | Build | House |
| 8:47 | Build | Palisade Wall |
| 8:51 | Age | Feudal Age |
| 8:55 | Build | Stable |
| 8:59 | Research | Double-Bit Axe |
| 9:03 | Create | Villager (Male) |
| 9:22 | Build | Farm |
| 9:34 | Create | Villager (Male) |
| 9:37 | Build | Palisade Wall |
| 9:47 | Build | Palisade Wall |
| 9:50 | Create | Villager (Male) |
| 9:52 | Build | Farm |
| 9:53 | Create | Scout Cavalry |
| 9:54 | Create | Scout Cavalry |
| 10:08 | Build | Farm |
| 10:31 | Create | Villager (Male) |
| 10:39 | Create | Villager (Male) |
| 10:43 | Create | Scout Cavalry |
| 10:46 | Create | Villager (Male) |
| 10:48 | Build | Farm |
| 10:49 | Build | Farm |
| 10:54 | Build | Farm |
| 11:05 | Create | Villager (Male) |
| 11:08 | Build | Farm |
| 11:16 | Build | House |
| 11:39 | Build | Farm |
| 11:49 | Create | Scout Cavalry |
| 11:53 | Build | House |
| 11:56 | Build | Farm |
| 12:01 | Create | Villager (Male) |
| 12:10 | Create | Scout Cavalry |
| 12:19 | Build | Farm |
| 12:20 | Create | Villager (Male) |
| 12:35 | Build | Farm |
| 12:39 | Create | Villager (Male) |
| 12:39 | Create | Villager (Male) |
| 12:54 | Create | Scout Cavalry |
| 13:12 | Build | Lumber Camp |
| 13:23 | Create | Villager (Male) |
| 13:31 | Create | Scout Cavalry |
| 13:36 | Build | Farm |
| 13:59 | Create | Villager (Male) |
| 14:00 | Build | House |
| 14:24 | Create | Scout Cavalry |
| 14:27 | Create | Villager (Male) |
| 14:29 | Build | Blacksmith |
| 14:49 | Create | Scout Cavalry |
| 14:52 | Create | Villager (Male) |
| 15:10 | Create | Villager (Male) |
| 15:16 | Build | House |
| 15:18 | Build | House |
| 15:27 | Create | Scout Cavalry |
| 15:51 | Build | Mining Camp |
| 15:53 | Create | Villager (Male) |
| 15:56 | Build | House |
| 15:57 | Build | House |
| 16:00 | Build | House |
| 16:17 | Create | Villager (Male) |
| 16:19 | Build | Farm |
| 16:20 | Build | Farm |
| 16:21 | Build | Farm |
| 16:25 | Build | Farm |
| 16:38 | Research | Scale Barding Armor |
| 17:01 | Research | Bloodlines |
| 17:11 | Research | Forging |
| 17:18 | Create | Villager (Male) |
| 17:19 | Create | Villager (Male) |
| 17:29 | Build | Market |
| 17:40 | Create | Villager (Male) |
| 17:44 | Build | Farm |
| 17:45 | Build | Farm |
| 18:03 | Create | Scout Cavalry |
| 18:35 | Create | Scout Cavalry |
| 18:36 | Create | Scout Cavalry |
| 18:42 | Build | Watch Tower |
| 18:47 | Create | Villager (Male) |
| 18:48 | Create | Villager (Male) |
| 18:50 | Build | Stable |
| 19:07 | Create | Scout Cavalry |
| 19:13 | Build | Farm |
| 19:14 | Build | Farm |
| 19:49 | Create | Scout Cavalry |
| 20:02 | Research | Fletching |
| 20:16 | Build | House |
| 20:36 | Create | Villager (Male) |
| 20:36 | Create | Villager (Male) |
| 21:29 | Build | House |
| 21:31 | Build | House |
| 21:37 | Build | House |
| 22:10 | Create | Villager (Male) |
| 22:11 | Create | Villager (Male) |
| 22:32 | Research | Castle Age |
| 23:19 | Create | Villager (Male) |
| 23:21 | Build | Mining Camp |
| 23:40 | Create | Scout Cavalry |
| 24:12 | Build | Palisade Wall |
| 24:18 | Create | Villager (Male) |
| 25:16 | Create | Villager (Male) |
| 25:17 | Age | Castle Age |
| 25:19 | Build | Town Center |
| 25:36 | Build | Palisade Wall |
| 25:45 | Build | House |
| 25:53 | Build | House |
| 25:56 | Build | Palisade Wall |
| 26:04 | Build | House |
| 26:07 | Build | Palisade Wall |
| 26:34 | Create | Villager (Male) |
| 26:35 | Create | Villager (Male) |
| 26:35 | Create | Villager (Male) |
| 26:42 | Build | Farm |
| 26:42 | Build | Farm |
| 26:55 | Build | Town Center |
| 27:36 | Build | Town Center |
| 28:47 | Create | Villager (Male) |
| 28:48 | Create | Villager (Male) |
| 28:56 | Create | Villager (Male) |
| 28:57 | Create | Villager (Male) |
| 28:57 | Create | Villager (Male) |
| 28:57 | Create | Villager (Male) |
| 29:00 | Build | House |
| 29:03 | Build | Palisade Wall |
| 29:22 | Create | Villager (Male) |
| 29:22 | Create | Villager (Male) |
| 29:24 | Build | Farm |
Build order — fouseyfire
First 150 of 236 actions detected
| 0:00 | Create | Villager (Male) |
| 0:01 | Create | Villager (Male) |
| 0:01 | Create | Villager (Male) |
| 0:01 | Create | Villager (Male) |
| 1:17 | Create | Villager (Male) |
| 1:17 | Create | Villager (Male) |
| 2:00 | Create | Villager (Male) |
| 2:01 | Create | Villager (Male) |
| 2:04 | Build | Lumber Camp |
| 2:21 | Create | Villager (Male) |
| 2:21 | Create | Villager (Male) |
| 2:50 | Create | Villager (Male) |
| 2:51 | Create | Villager (Male) |
| 3:34 | Create | Villager (Male) |
| 3:35 | Create | Villager (Male) |
| 4:27 | Create | Villager (Male) |
| 4:27 | Create | Villager (Male) |
| 4:36 | Create | Villager (Male) |
| 4:36 | Create | Villager (Male) |
| 4:58 | Create | Villager (Male) |
| 5:01 | Create | Villager (Male) |
| 5:30 | Build | Mill |
| 6:11 | Research | Loom |
| 6:31 | Research | Feudal Age |
| 8:04 | Build | Barracks |
| 8:27 | Create | Villager (Male) |
| 8:51 | Age | Feudal Age |
| 9:07 | Build | Stable |
| 9:10 | Create | Villager (Male) |
| 9:39 | Create | Villager (Male) |
| 9:58 | Build | Palisade Wall |
| 10:00 | Research | Double-Bit Axe |
| 10:01 | Create | Villager (Male) |
| 10:03 | Create | Scout Cavalry |
| 10:03 | Create | Scout Cavalry |
| 10:16 | Build | Palisade Wall |
| 10:22 | Create | Villager (Male) |
| 10:28 | Create | Scout Cavalry |
| 10:29 | Create | Scout Cavalry |
| 10:33 | Build | Palisade Wall |
| 10:46 | Research | Horse Collar |
| 10:46 | Create | Villager (Male) |
| 10:48 | Build | Farm |
| 10:50 | Build | Farm |
| 10:59 | Build | Palisade Wall |
| 11:00 | Build | Palisade Wall |
| 11:01 | Build | Palisade Wall |
| 11:04 | Create | Villager (Male) |
| 11:09 | Create | Scout Cavalry |
| 11:09 | Create | Scout Cavalry |
| 11:16 | Build | Farm |
| 11:18 | Build | Farm |
| 11:21 | Build | Farm |
| 11:22 | Create | Villager (Male) |
| 11:28 | Build | Farm |
| 11:41 | Build | Palisade Wall |
| 11:43 | Build | Palisade Wall |
| 11:46 | Build | Farm |
| 12:02 | Build | Farm |
| 12:02 | Create | Villager (Male) |
| 12:05 | Create | Scout Cavalry |
| 12:13 | Build | Palisade Wall |
| 12:15 | Build | Palisade Wall |
| 12:16 | Create | Villager (Male) |
| 12:25 | Build | Farm |
| 12:29 | Build | Farm |
| 12:45 | Build | Palisade Wall |
| 12:45 | Create | Villager (Male) |
| 12:46 | Create | Villager (Male) |
| 12:54 | Build | Farm |
| 13:12 | Create | Villager (Male) |
| 13:15 | Create | Villager (Male) |
| 13:17 | Build | Farm |
| 13:27 | Create | Scout Cavalry |
| 13:32 | Build | Farm |
| 13:36 | Build | Farm |
| 13:43 | Create | Villager (Male) |
| 13:46 | Build | Farm |
| 13:52 | Create | Villager (Male) |
| 14:29 | Create | Scout Cavalry |
| 14:29 | Create | Scout Cavalry |
| 14:36 | Build | Blacksmith |
| 14:48 | Create | Villager (Male) |
| 14:51 | Create | Scout Cavalry |
| 14:57 | Build | Farm |
| 15:07 | Create | Villager (Male) |
| 15:15 | Create | Scout Cavalry |
| 15:21 | Research | Scale Barding Armor |
| 15:21 | Research | Scale Barding Armor |
| 15:23 | Build | Farm |
| 15:28 | Build | Palisade Wall |
| 15:41 | Create | Scout Cavalry |
| 15:41 | Create | Scout Cavalry |
| 15:58 | Create | Scout Cavalry |
| 16:03 | Create | Villager (Male) |
| 16:03 | Create | Villager (Male) |
| 16:16 | Research | Forging |
| 16:16 | Research | Forging |
| 16:22 | Build | Farm |
| 16:23 | Build | Farm |
| 16:23 | Build | Farm |
| 16:23 | Build | Farm |
| 16:23 | Build | Farm |
| 16:27 | Create | Villager (Male) |
| 16:39 | Create | Scout Cavalry |
| 16:40 | Create | Scout Cavalry |
| 16:56 | Create | Scout Cavalry |
| 16:57 | Create | Scout Cavalry |
| 17:00 | Build | Mining Camp |
| 17:10 | Create | Scout Cavalry |
| 17:27 | Create | Villager (Male) |
| 17:28 | Create | Villager (Male) |
| 17:40 | Create | Villager (Male) |
| 18:16 | Create | Scout Cavalry |
| 18:32 | Create | Scout Cavalry |
| 18:45 | Create | Villager (Male) |
| 19:07 | Create | Villager (Male) |
| 19:07 | Create | Villager (Male) |
| 19:10 | Build | Farm |
| 19:33 | Research | Wheelbarrow |
| 19:34 | Create | Villager (Male) |
| 19:47 | Create | Villager (Male) |
| 19:47 | Create | Villager (Male) |
| 19:56 | Build | Palisade Wall |
| 20:02 | Build | Palisade Wall |
| 20:03 | Create | Villager (Male) |
| 20:03 | Create | Villager (Male) |
| 20:08 | Build | Palisade Gate |
| 20:22 | Build | Farm |
| 21:25 | Build | Palisade Wall |
| 21:30 | Build | Palisade Wall |
| 21:31 | Build | Palisade Wall |
| 21:32 | Build | Palisade Wall |
| 21:33 | Build | Palisade Wall |
| 21:34 | Build | Palisade Wall |
| 21:37 | Build | Palisade Wall |
| 21:39 | Research | Castle Age |
| 21:39 | Research | Castle Age |
| 21:43 | Build | Stable |
| 21:46 | Build | Stable |
| 21:59 | Research | Gold Mining |
| 22:09 | Research | Padded Archer Armor |
| 22:34 | Research | Bloodlines |
| 22:34 | Research | Bloodlines |
| 23:36 | Build | Farm |
| 23:37 | Build | Farm |
| 23:37 | Build | Farm |
| 23:37 | Build | Farm |
| 23:49 | Create | Villager (Male) |
| 24:05 | Build | Stable |
Build order — __67_7SmigoL._Arg
First 150 of 265 actions detected
| 0:00 | Research | Loom |
| 0:01 | Create | Villager (Male) |
| 0:01 | Create | Villager (Male) |
| 0:01 | Create | Villager (Male) |
| 0:03 | Build | House |
| 0:04 | Build | House |
| 1:29 | Create | Villager (Male) |
| 2:01 | Build | Palisade Wall |
| 2:02 | Build | Palisade Wall |
| 2:04 | Build | Palisade Wall |
| 2:04 | Build | Palisade Wall |
| 2:04 | Build | Palisade Wall |
| 2:05 | Build | Palisade Wall |
| 2:05 | Build | Palisade Wall |
| 2:07 | Create | Villager (Male) |
| 2:29 | Create | Villager (Male) |
| 3:16 | Create | Villager (Male) |
| 3:19 | Create | Villager (Male) |
| 3:51 | Create | Villager (Male) |
| 3:51 | Create | Villager (Male) |
| 3:52 | Create | Villager (Male) |
| 3:53 | Build | Lumber Camp |
| 4:04 | Create | Villager (Male) |
| 4:24 | Build | House |
| 4:33 | Build | House |
| 4:38 | Create | Villager (Male) |
| 4:49 | Create | Villager (Male) |
| 5:05 | Create | Villager (Male) |
| 5:05 | Create | Villager (Male) |
| 5:15 | Create | Villager (Male) |
| 5:15 | Create | Villager (Male) |
| 5:51 | Build | House |
| 5:53 | Build | Palisade Wall |
| 6:01 | Create | Villager (Male) |
| 6:01 | Create | Villager (Male) |
| 6:03 | Create | Villager (Male) |
| 6:18 | Build | Mining Camp |
| 6:29 | Build | Palisade Wall |
| 6:56 | Create | Villager (Male) |
| 7:10 | Create | Villager (Male) |
| 7:17 | Build | Palisade Wall |
| 7:38 | Build | Palisade Wall |
| 7:55 | Research | Feudal Age |
| 8:18 | Build | House |
| 8:19 | Build | Palisade Wall |
| 8:20 | Build | Palisade Wall |
| 8:30 | Build | House |
| 8:49 | Build | Palisade Wall |
| 8:57 | Build | Barracks |
| 9:15 | Build | Palisade Wall |
| 9:26 | Create | Villager (Male) |
| 9:54 | Build | Palisade Wall |
| 10:05 | Age | Feudal Age |
| 10:05 | Create | Villager (Male) |
| 10:08 | Build | Archery Range |
| 10:35 | Research | Double-Bit Axe |
| 10:40 | Create | Archer |
| 10:41 | Create | Archer |
| 10:47 | Create | Villager (Male) |
| 10:48 | Create | Villager (Male) |
| 11:15 | Build | Blacksmith |
| 11:17 | Create | Villager (Male) |
| 11:18 | Create | Archer |
| 11:55 | Build | Archery Range |
| 12:13 | Build | Palisade Wall |
| 12:14 | Create | Villager (Male) |
| 12:14 | Create | Villager (Male) |
| 12:14 | Create | Villager (Male) |
| 12:15 | Create | Villager (Male) |
| 12:15 | Create | Villager (Male) |
| 12:15 | Create | Villager (Male) |
| 12:15 | Create | Villager (Male) |
| 12:18 | Research | Fletching |
| 12:18 | Research | Padded Archer Armor |
| 12:20 | Create | Archer |
| 12:20 | Create | Archer |
| 12:37 | Build | Palisade Gate |
| 12:38 | Build | Palisade Wall |
| 12:42 | Create | Villager (Male) |
| 12:49 | Create | Archer |
| 12:52 | Create | Villager (Male) |
| 13:17 | Build | House |
| 13:20 | Research | Town Watch |
| 13:25 | Build | House |
| 13:28 | Create | Villager (Male) |
| 13:32 | Build | Mill |
| 13:38 | Create | Villager (Male) |
| 13:43 | Build | Lumber Camp |
| 13:44 | Create | Villager (Male) |
| 14:05 | Create | Archer |
| 14:06 | Create | Archer |
| 14:30 | Research | Horse Collar |
| 14:47 | Research | Double-Bit Axe |
| 15:01 | Create | Archer |
| 15:01 | Create | Archer |
| 15:01 | Create | Archer |
| 15:02 | Create | Villager (Male) |
| 15:09 | Create | Archer |
| 15:10 | Create | Archer |
| 15:14 | Build | Farm |
| 15:15 | Build | Farm |
| 15:15 | Build | Farm |
| 15:15 | Build | Farm |
| 15:15 | Build | Farm |
| 15:16 | Build | Farm |
| 15:16 | Build | Farm |
| 15:29 | Build | Farm |
| 15:31 | Create | Villager (Male) |
| 15:43 | Create | Villager (Male) |
| 15:43 | Create | Villager (Male) |
| 15:47 | Build | House |
| 15:52 | Create | Villager (Male) |
| 16:09 | Build | Farm |
| 16:11 | Build | Farm |
| 16:13 | Build | Farm |
| 16:19 | Build | House |
| 16:19 | Build | House |
| 16:50 | Create | Villager (Male) |
| 16:51 | Create | Villager (Male) |
| 16:53 | Build | Farm |
| 16:54 | Build | Farm |
| 16:55 | Build | Farm |
| 16:55 | Build | Farm |
| 16:57 | Create | Villager (Male) |
| 16:59 | Build | Farm |
| 17:07 | Build | Farm |
| 17:13 | Create | Villager (Male) |
| 17:43 | Create | Villager (Male) |
| 17:52 | Build | Market |
| 17:53 | Create | Villager (Male) |
| 18:03 | Build | Farm |
| 18:42 | Create | Villager (Male) |
| 18:45 | Build | Farm |
| 18:52 | Build | House |
| 18:52 | Build | House |
| 18:53 | Build | House |
| 18:59 | Build | House |
| 19:19 | Create | Archer |
| 19:19 | Create | Archer |
| 19:19 | Create | Archer |
| 19:25 | Research | Castle Age |
| 19:44 | Create | Archer |
| 19:49 | Build | Archery Range |
| 20:20 | Build | House |
| 20:21 | Build | House |
| 20:22 | Build | House |
| 20:23 | Build | House |
| 20:28 | Build | House |
| 20:29 | Build | House |
| 20:39 | Create | Archer |
Build order — Pandora_heart
First 150 of 228 actions detected
| 0:02 | Create | Villager (Male) ×4 |
| 0:04 | Build | House |
| 0:05 | Build | House |
| 1:22 | Create | Villager (Male) |
| 1:25 | Build | House |
| 2:07 | Research | Loom |
| 2:25 | Create | Villager (Male) |
| 2:51 | Build | House |
| 3:14 | Create | Villager (Male) |
| 3:15 | Create | Villager (Male) |
| 3:15 | Create | Villager (Male) |
| 3:51 | Create | Villager (Male) |
| 3:51 | Create | Villager (Male) |
| 4:16 | Create | Villager (Male) |
| 4:27 | Build | Lumber Camp |
| 4:30 | Create | Villager (Male) |
| 4:51 | Create | Villager (Male) |
| 5:28 | Create | Villager (Male) |
| 5:33 | Build | Palisade Wall |
| 5:35 | Build | Palisade Wall |
| 6:01 | Create | Villager (Male) |
| 6:08 | Build | House |
| 6:11 | Build | Palisade Wall |
| 6:21 | Create | Villager (Male) |
| 6:38 | Build | Palisade Wall |
| 6:56 | Create | Villager (Male) |
| 6:59 | Build | Mill |
| 7:19 | Create | Villager (Male) |
| 7:36 | Build | Farm |
| 7:42 | Create | Villager (Male) |
| 7:48 | Build | Palisade Wall |
| 8:08 | Build | Palisade Wall |
| 8:11 | Create | Villager (Male) |
| 8:21 | Build | Farm |
| 8:22 | Create | Villager (Male) |
| 8:28 | Build | House |
| 8:39 | Build | Palisade Wall |
| 8:41 | Build | Palisade Wall |
| 8:50 | Build | Palisade Wall |
| 8:56 | Build | Palisade Wall |
| 8:58 | Build | Palisade Wall |
| 8:59 | Build | Palisade Wall |
| 9:00 | Build | Palisade Wall |
| 9:07 | Create | Villager (Male) |
| 9:10 | Build | Farm |
| 9:24 | Create | Villager (Male) |
| 9:40 | Build | Palisade Wall |
| 9:53 | Build | Farm |
| 9:54 | Create | Villager (Male) |
| 10:05 | Build | House |
| 10:31 | Build | Farm |
| 10:45 | Build | Farm |
| 10:46 | Create | Villager (Male) |
| 10:47 | Create | Villager (Male) |
| 11:25 | Build | Mining Camp |
| 11:34 | Create | Villager (Male) |
| 11:49 | Build | Palisade Wall |
| 11:56 | Build | Farm |
| 12:01 | Create | Villager (Male) |
| 12:03 | Build | Farm |
| 12:22 | Build | Farm |
| 12:26 | Research | Feudal Age |
| 13:38 | Build | Lumber Camp |
| 13:50 | Build | House |
| 13:52 | Build | House |
| 14:04 | Build | House |
| 14:07 | Build | House |
| 14:09 | Build | House |
| 14:19 | Build | House |
| 14:21 | Build | House |
| 14:23 | Build | House |
| 14:36 | Age | Feudal Age |
| 14:43 | Create | Villager (Male) |
| 14:44 | Create | Villager (Male) |
| 14:47 | Build | Watch Tower |
| 15:23 | Build | Market |
| 15:29 | Build | Blacksmith |
| 15:32 | Create | Villager (Male) |
| 15:53 | Build | House |
| 15:59 | Create | Villager (Male) |
| 16:09 | Build | Farm |
| 16:24 | Build | Barracks |
| 16:29 | Create | Villager (Male) |
| 16:32 | Build | Farm |
| 16:35 | Build | Farm |
| 16:59 | Build | Farm |
| 17:18 | Research | Castle Age |
| 17:19 | Research | Castle Age |
| 17:29 | Build | Archery Range |
| 17:36 | Research | Double-Bit Axe |
| 17:37 | Research | Double-Bit Axe |
| 18:11 | Research | Gold Mining |
| 18:11 | Research | Gold Mining |
| 18:12 | Research | Horse Collar |
| 18:12 | Research | Horse Collar |
| 18:39 | Research | Fletching |
| 18:40 | Create | Archer |
| 18:49 | Build | Archery Range |
| 18:55 | Create | Archer |
| 19:27 | Build | Palisade Gate |
| 19:39 | Create | Villager (Male) |
| 19:40 | Create | Villager (Male) |
| 19:46 | Create | Archer |
| 19:46 | Create | Archer |
| 19:58 | Age | Castle Age |
| 19:59 | Research | Crossbowman (upgrade) |
| 19:59 | Research | Crossbowman (upgrade) |
| 20:06 | Build | Farm |
| 20:10 | Build | Farm |
| 20:30 | Build | Farm |
| 20:39 | Create | Archer |
| 20:39 | Create | Archer |
| 20:52 | Build | Archery Range |
| 20:57 | Build | Farm |
| 20:57 | Build | Farm |
| 21:02 | Research | Bodkin Arrow |
| 21:03 | Create | Villager (Male) |
| 21:04 | Create | Villager (Male) |
| 21:07 | Build | Farm |
| 21:08 | Create | Archer |
| 21:08 | Create | Archer |
| 21:08 | Create | Archer |
| 21:09 | Create | Archer |
| 21:09 | Create | Archer |
| 21:23 | Create | Archer |
| 21:23 | Create | Archer |
| 21:38 | Research | Town Watch |
| 21:38 | Research | Town Watch |
| 21:42 | Build | House |
| 21:44 | Build | House |
| 21:45 | Build | House |
| 21:51 | Create | Archer |
| 21:51 | Create | Archer |
| 21:52 | Create | Archer |
| 21:59 | Build | Palisade Wall |
| 22:02 | Research | Padded Archer Armor |
| 22:07 | Build | Farm |
| 22:08 | Create | Villager (Male) |
| 22:08 | Create | Villager (Male) |
| 22:23 | Create | Archer |
| 22:23 | Create | Archer |
| 22:29 | Create | Villager (Male) |
| 22:29 | Create | Villager (Male) |
| 22:38 | Build | Farm |
| 22:48 | Create | Villager (Male) |
| 23:00 | Create | Archer |
| 23:00 | Create | Archer |
| 23:04 | Create | Archer |
| 23:39 | Create | Archer |
| 23:40 | Create | Archer |
Build order — queKa
First 150 of 271 actions detected
| 0:01 | Create | Villager (Male) |
| 0:01 | Create | Villager (Male) |
| 0:01 | Create | Villager (Male) |
| 0:02 | Create | Villager (Male) |
| 0:03 | Build | House |
| 0:04 | Build | House |
| 1:19 | Create | Villager (Male) |
| 1:20 | Create | Villager (Male) |
| 1:33 | Build | Lumber Camp |
| 1:57 | Create | Villager (Male) |
| 1:58 | Create | Villager (Male) |
| 2:08 | Create | Villager (Male) |
| 2:08 | Create | Villager (Male) |
| 2:41 | Create | Villager (Male) |
| 3:07 | Create | Villager (Male) |
| 3:07 | Create | Villager (Male) |
| 3:36 | Create | Villager (Male) |
| 3:36 | Create | Villager (Male) |
| 3:45 | Create | Villager (Male) |
| 3:53 | Build | House |
| 3:59 | Create | Villager (Male) |
| 4:29 | Build | Palisade Wall |
| 4:33 | Build | House |
| 4:47 | Create | Villager (Male) |
| 5:06 | Build | Mining Camp |
| 5:11 | Create | Villager (Male) |
| 5:48 | Create | Villager (Male) |
| 6:10 | Research | Loom |
| 6:39 | Research | Feudal Age |
| 7:30 | Build | Barracks |
| 8:04 | Build | House |
| 8:51 | Age | Feudal Age |
| 8:58 | Create | Villager (Male) |
| 9:02 | Build | Archery Range |
| 9:08 | Build | Archery Range |
| 9:14 | Research | Double-Bit Axe |
| 9:15 | Create | Villager (Male) |
| 9:28 | Build | Palisade Wall |
| 9:41 | Create | Villager (Male) |
| 9:56 | Create | Archer |
| 10:02 | Create | Archer |
| 10:02 | Create | Archer |
| 10:07 | Build | Mill |
| 10:08 | Create | Villager (Male) |
| 10:22 | Build | House |
| 10:26 | Create | Villager (Male) |
| 10:29 | Create | Archer |
| 10:43 | Create | Archer |
| 10:44 | Create | Villager (Male) |
| 10:57 | Build | House |
| 11:01 | Create | Archer |
| 11:11 | Build | House |
| 11:16 | Build | Palisade Wall |
| 11:32 | Create | Villager (Male) |
| 11:35 | Build | Blacksmith |
| 11:45 | Build | Farm |
| 12:01 | Create | Archer |
| 12:02 | Create | Archer |
| 12:03 | Create | Villager (Male) |
| 12:03 | Create | Villager (Male) |
| 12:41 | Build | House |
| 12:46 | Research | Fletching |
| 12:46 | Research | Fletching |
| 12:51 | Build | Farm |
| 12:52 | Build | Farm |
| 12:54 | Build | Farm |
| 13:13 | Create | Archer |
| 13:14 | Create | Archer |
| 13:14 | Create | Archer |
| 13:15 | Create | Villager (Male) |
| 13:16 | Create | Villager (Male) |
| 13:23 | Build | House |
| 13:24 | Build | Palisade Wall |
| 13:26 | Build | Palisade Wall |
| 13:32 | Build | Farm |
| 13:34 | Create | Villager (Male) |
| 13:35 | Create | Archer |
| 13:52 | Create | Archer |
| 13:57 | Create | Villager (Male) |
| 13:59 | Build | Farm |
| 14:06 | Build | House |
| 14:21 | Create | Archer |
| 14:21 | Create | Archer |
| 14:24 | Create | Spearman |
| 14:32 | Create | Villager (Male) |
| 14:32 | Create | Villager (Male) |
| 14:35 | Build | Farm |
| 14:48 | Create | Villager (Male) |
| 15:03 | Create | Archer |
| 15:06 | Create | Villager (Male) |
| 15:08 | Build | Farm |
| 15:20 | Create | Archer |
| 15:20 | Create | Archer |
| 15:33 | Create | Villager (Male) |
| 15:38 | Build | Farm |
| 15:43 | Create | Villager (Male) |
| 15:45 | Create | Archer |
| 15:53 | Create | Villager (Male) |
| 15:56 | Build | Farm |
| 16:17 | Create | Villager (Male) |
| 16:20 | Build | Farm |
| 16:20 | Create | Archer |
| 16:21 | Create | Archer |
| 16:32 | Create | Villager (Male) |
| 16:35 | Build | House |
| 16:36 | Build | House |
| 16:43 | Create | Villager (Male) |
| 17:08 | Create | Archer |
| 17:08 | Create | Villager (Male) |
| 17:11 | Create | Archer |
| 17:15 | Build | Farm |
| 17:32 | Build | Mining Camp |
| 17:41 | Create | Villager (Male) |
| 17:42 | Create | Archer |
| 18:13 | Create | Archer |
| 18:14 | Create | Villager (Male) |
| 18:14 | Create | Villager (Male) |
| 18:17 | Build | House |
| 19:07 | Create | Archer |
| 19:07 | Create | Archer |
| 19:12 | Research | Castle Age |
| 19:17 | Build | House |
| 19:24 | Build | Lumber Camp |
| 19:28 | Create | Archer |
| 19:37 | Research | Gold Mining |
| 19:37 | Research | Gold Mining |
| 19:41 | Create | Archer |
| 19:53 | Build | Farm |
| 20:12 | Research | Horse Collar |
| 20:12 | Research | Horse Collar |
| 20:14 | Create | Archer |
| 20:14 | Create | Archer |
| 20:44 | Create | Archer |
| 20:44 | Create | Archer |
| 21:23 | Create | Archer |
| 21:23 | Create | Archer |
| 21:44 | Build | Farm |
| 21:52 | Age | Castle Age |
| 21:54 | Research | Crossbowman (upgrade) |
| 21:55 | Create | Villager (Male) |
| 21:57 | Build | Town Center |
| 21:59 | Research | Bow Saw |
| 21:59 | Research | Bow Saw |
| 22:04 | Build | Farm |
| 22:07 | Create | Villager (Male) |
| 22:15 | Build | Town Center |
| 22:18 | Create | Archer |
| 22:25 | Build | Farm |
| 22:27 | Build | Farm |
| 22:40 | Create | Archer |
Build order — __91_Minatus_Arg
First 150 of 218 actions detected
| 0:01 | Create | Villager (Male) ×4 |
| 0:01 | Create | Villager (Male) ×4 |
| 0:02 | Build | House |
| 0:03 | Build | House |
| 1:24 | Create | Villager (Male) |
| 1:39 | Create | Villager (Male) |
| 1:39 | Create | Villager (Male) |
| 2:08 | Build | Lumber Camp |
| 2:11 | Create | Villager (Male) |
| 2:30 | Create | Villager (Male) |
| 3:07 | Create | Villager (Male) |
| 3:07 | Create | Villager (Male) |
| 3:22 | Create | Villager (Male) |
| 3:30 | Build | House |
| 4:17 | Create | Villager (Male) |
| 4:18 | Create | Villager (Male) |
| 4:18 | Create | Villager (Male) |
| 4:31 | Build | Mill |
| 5:05 | Create | Villager (Male) |
| 5:05 | Create | Villager (Male) |
| 5:30 | Create | Villager (Male) |
| 5:36 | Create | Villager (Male) |
| 5:37 | Create | Villager (Male) |
| 5:37 | Create | Villager (Male) |
| 6:04 | Research | Loom |
| 6:50 | Research | Feudal Age |
| 7:07 | Create | Villager (Male) |
| 7:12 | Build | House |
| 7:51 | Build | Barracks |
| 9:00 | Age | Feudal Age |
| 9:09 | Build | Stable |
| 9:15 | Create | Villager (Male) |
| 9:18 | Research | Double-Bit Axe |
| 9:24 | Build | House |
| 9:26 | Build | Palisade Wall |
| 9:53 | Create | Scout Cavalry |
| 9:53 | Create | Scout Cavalry |
| 9:53 | Create | Scout Cavalry |
| 9:54 | Create | Villager (Male) |
| 10:04 | Build | Farm |
| 10:05 | Build | Farm |
| 10:07 | Build | Farm |
| 10:24 | Create | Villager (Male) |
| 10:26 | Build | House |
| 10:28 | Build | Palisade Wall |
| 10:36 | Create | Villager (Male) |
| 10:42 | Build | Farm |
| 10:55 | Create | Scout Cavalry |
| 10:58 | Create | Villager (Male) |
| 11:05 | Build | House |
| 11:11 | Build | Farm |
| 11:18 | Create | Scout Cavalry |
| 11:20 | Create | Villager (Male) |
| 11:25 | Build | Farm |
| 11:40 | Build | House |
| 11:42 | Build | Palisade Wall |
| 11:47 | Build | Palisade Wall |
| 11:55 | Create | Villager (Male) |
| 11:56 | Create | Scout Cavalry |
| 11:58 | Create | Villager (Male) |
| 12:04 | Build | Palisade Wall |
| 12:48 | Create | Scout Cavalry |
| 12:50 | Create | Villager (Male) |
| 12:53 | Build | Farm |
| 13:16 | Create | Scout Cavalry |
| 13:17 | Create | Villager (Male) |
| 13:19 | Build | Farm |
| 13:21 | Build | Farm |
| 13:27 | Build | Farm |
| 13:29 | Build | Farm |
| 13:36 | Create | Villager (Male) |
| 13:44 | Create | Scout Cavalry |
| 13:45 | Create | Villager (Male) |
| 13:48 | Build | Farm |
| 13:50 | Create | Villager (Male) |
| 14:05 | Build | House |
| 14:08 | Build | House |
| 14:13 | Create | Scout Cavalry |
| 14:22 | Create | Villager (Male) |
| 14:26 | Build | Farm |
| 14:36 | Build | Blacksmith |
| 15:04 | Build | Palisade Wall |
| 15:05 | Build | Palisade Wall |
| 15:18 | Create | Villager (Male) |
| 15:21 | Research | Wheelbarrow |
| 15:21 | Create | Villager (Male) |
| 15:25 | Build | Farm |
| 15:34 | Research | Scale Barding Armor |
| 15:44 | Build | House |
| 15:56 | Build | Farm |
| 15:57 | Build | Farm |
| 16:07 | Create | Scout Cavalry |
| 16:13 | Create | Scout Cavalry |
| 16:27 | Build | Mining Camp |
| 16:29 | Create | Villager (Male) |
| 16:39 | Research | Forging |
| 16:40 | Research | Forging |
| 17:20 | Create | Villager (Male) |
| 17:48 | Build | Farm |
| 17:50 | Build | Farm |
| 18:17 | Create | Villager (Male) |
| 18:19 | Create | Villager (Male) |
| 18:43 | Build | Mining Camp |
| 19:07 | Research | Castle Age |
| 19:07 | Research | Castle Age |
| 19:18 | Build | Farm |
| 19:25 | Research | Stone Mining |
| 19:28 | Research | Horse Collar |
| 19:29 | Research | Horse Collar |
| 19:48 | Build | Farm |
| 20:10 | Build | Palisade Wall |
| 20:12 | Build | Palisade Wall |
| 20:13 | Build | Palisade Wall |
| 20:13 | Build | Palisade Wall |
| 20:14 | Build | Palisade Wall |
| 20:38 | Research | Gold Mining |
| 20:41 | Research | Bloodlines |
| 21:02 | Build | Farm |
| 21:35 | Build | Farm |
| 21:47 | Age | Castle Age |
| 21:50 | Create | Villager (Male) |
| 21:51 | Create | Villager (Male) |
| 21:53 | Create | Villager (Male) |
| 22:19 | Research | Bow Saw |
| 22:20 | Research | Bow Saw |
| 22:50 | Build | Castle |
| 22:56 | Create | Villager (Male) |
| 23:22 | Create | Villager (Male) |
| 23:25 | Research | Chain Barding Armor |
| 23:34 | Build | Farm |
| 23:36 | Create | Villager (Male) |
| 23:52 | Create | Unit 1908 |
| 23:52 | Create | Unit 1908 |
| 24:03 | Build | Farm |
| 24:05 | Build | Farm |
| 24:07 | Create | Unit 1908 |
| 24:25 | Create | Villager (Male) |
| 24:56 | Create | Unit 1908 |
| 25:02 | Create | Unit 1908 |
| 25:03 | Create | Villager (Male) |
| 25:06 | Build | Farm |
| 25:07 | Create | Villager (Male) |
| 25:21 | Build | Town Center |
| 25:26 | Create | Unit 1908 |
| 25:26 | Create | Unit 1908 |
| 25:27 | Create | Unit 1908 |
| 25:30 | Create | Villager (Male) |
| 25:31 | Build | Farm |
| 25:33 | Build | Farm |
| 25:43 | Create | Unit 1908 |
Build order — .
First 150 of 152 actions detected
| 0:02 | Research | Loom |
| 0:02 | Create | Villager (Male) |
| 0:03 | Create | Villager (Male) |
| 0:03 | Create | Villager (Male) |
| 0:07 | Build | House |
| 0:36 | Build | House |
| 0:39 | Build | House |
| 0:40 | Build | House |
| 1:40 | Create | Villager (Male) |
| 2:02 | Create | Villager (Male) |
| 2:03 | Create | Villager (Male) |
| 2:28 | Create | Villager (Male) |
| 2:29 | Create | Villager (Male) |
| 3:00 | Create | Villager (Male) |
| 3:00 | Create | Villager (Male) |
| 3:13 | Build | Lumber Camp |
| 3:26 | Create | Villager (Male) |
| 3:27 | Create | Villager (Male) |
| 3:32 | Create | Villager (Male) |
| 4:06 | Create | Villager (Male) |
| 4:07 | Create | Villager (Male) |
| 4:32 | Create | Villager (Male) |
| 4:33 | Create | Villager (Male) |
| 4:33 | Create | Villager (Male) |
| 5:19 | Create | Villager (Male) |
| 5:33 | Create | Villager (Male) |
| 5:41 | Build | Mill |
| 6:22 | Create | Villager (Male) |
| 7:15 | Research | Feudal Age |
| 7:15 | Research | Feudal Age |
| 8:00 | Build | House |
| 8:39 | Build | Barracks |
| 9:02 | Create | Villager (Male) |
| 9:25 | Age | Feudal Age |
| 9:38 | Create | Villager (Male) |
| 9:47 | Build | Archery Range |
| 9:52 | Research | Double-Bit Axe |
| 9:56 | Build | Mining Camp |
| 9:59 | Create | Villager (Male) |
| 10:39 | Create | Villager (Male) |
| 10:51 | Build | Archery Range |
| 10:58 | Create | Archer |
| 11:00 | Create | Villager (Male) |
| 11:14 | Create | Villager (Male) |
| 11:28 | Build | House |
| 11:43 | Build | Blacksmith |
| 11:48 | Create | Archer |
| 12:01 | Build | Watch Tower |
| 12:05 | Create | Archer |
| 13:03 | Create | Villager (Male) |
| 13:10 | Build | Farm |
| 13:11 | Build | Farm |
| 13:22 | Create | Villager (Male) |
| 13:26 | Research | Fletching |
| 13:44 | Build | House |
| 13:47 | Create | Villager (Male) |
| 13:50 | Create | Archer |
| 13:57 | Research | Padded Archer Armor |
| 14:07 | Create | Villager (Male) |
| 14:09 | Create | Archer |
| 14:25 | Create | Villager (Male) |
| 14:27 | Create | Archer |
| 14:30 | Research | Gold Mining |
| 14:50 | Create | Villager (Male) |
| 14:51 | Create | Archer |
| 14:51 | Create | Archer |
| 15:06 | Build | Lumber Camp |
| 15:14 | Build | House |
| 15:19 | Create | Archer |
| 15:22 | Create | Villager (Male) |
| 15:34 | Build | House |
| 15:40 | Create | Villager (Male) |
| 15:44 | Build | Archery Range |
| 15:48 | Create | Archer |
| 16:07 | Create | Archer |
| 16:08 | Create | Archer |
| 16:24 | Create | Villager (Male) |
| 16:28 | Research | Horse Collar |
| 16:29 | Create | Archer |
| 16:29 | Create | Archer |
| 16:39 | Create | Villager (Male) |
| 16:42 | Build | Farm |
| 16:53 | Build | Farm |
| 16:56 | Build | House |
| 17:19 | Create | Archer |
| 17:19 | Create | Archer |
| 17:20 | Create | Villager (Male) ×3 |
| 18:14 | Create | Archer |
| 18:15 | Create | Archer |
| 18:16 | Create | Villager (Male) ×3 |
| 18:52 | Create | Archer |
| 18:52 | Create | Archer |
| 18:54 | Create | Villager (Male) ×3 |
| 19:21 | Build | Farm |
| 19:21 | Build | Farm |
| 19:21 | Build | Farm |
| 19:22 | Build | Farm |
| 19:25 | Build | Farm |
| 19:49 | Build | House |
| 19:52 | Build | House |
| 19:58 | Create | Archer |
| 19:59 | Create | Archer |
| 20:12 | Build | Lumber Camp |
| 20:22 | Build | Farm |
| 20:23 | Build | Farm |
| 20:25 | Build | Farm |
| 20:31 | Build | Farm |
| 20:31 | Build | Farm |
| 20:33 | Build | Farm |
| 20:35 | Create | Archer |
| 20:36 | Create | Archer |
| 20:40 | Build | Farm |
| 20:43 | Build | House |
| 20:51 | Build | House |
| 20:59 | Build | Farm |
| 21:03 | Build | Farm |
| 21:16 | Build | Farm |
| 21:32 | Create | Villager (Male) |
| 21:33 | Create | Archer |
| 21:34 | Create | Archer |
| 21:37 | Build | House |
| 21:50 | Build | Farm |
| 22:06 | Build | Mining Camp |
| 22:43 | Research | Stone Mining |
| 23:34 | Research | Castle Age |
| 23:48 | Create | Archer |
| 23:49 | Create | Archer |
| 23:49 | Create | Archer |
| 23:56 | Build | Lumber Camp |
| 24:48 | Build | Mining Camp |
| 25:01 | Create | Archer ×3 |
| 25:54 | Build | Watch Tower |
| 26:00 | Create | Archer ×5 |
| 26:14 | Age | Castle Age |
| 26:17 | Research | Crossbowman (upgrade) |
| 26:25 | Research | Bodkin Arrow |
| 26:25 | Research | Leather Archer Armor |
| 27:13 | Research | Thumb Ring |
| 27:14 | Create | Archer ×2 |
| 27:22 | Create | Villager (Male) |
| 27:23 | Create | Villager (Male) |
| 27:36 | Create | Archer ×3 |
| 27:57 | Research | Thumb Ring |
| 28:05 | Create | Villager (Male) |
| 28:07 | Build | Lumber Camp |
| 28:22 | Create | Archer ×5 |
| 28:29 | Create | Villager (Male) |
| 29:17 | Create | Villager (Male) ×5 |
| 29:27 | Build | House |
| 29:59 | Build | Town Center |
Build order — __97_Unknown_Arg
First 150 of 291 actions detected
| 0:01 | Create | Villager (Male) |
| 0:01 | Create | Villager (Male) |
| 0:01 | Create | Villager (Male) |
| 0:02 | Build | House |
| 0:03 | Build | House |
| 0:10 | Create | Villager (Male) |
| 0:10 | Create | Villager (Male) |
| 1:24 | Create | Villager (Male) |
| 2:01 | Build | Lumber Camp |
| 2:03 | Create | Villager (Male) |
| 2:04 | Create | Villager (Male) |
| 2:04 | Create | Villager (Male) |
| 2:33 | Create | Villager (Male) |
| 2:48 | Create | Villager (Male) |
| 2:49 | Create | Villager (Male) |
| 3:10 | Create | Villager (Male) |
| 3:10 | Create | Villager (Male) |
| 3:11 | Create | Villager (Male) |
| 3:25 | Build | House |
| 3:41 | Create | Villager (Male) |
| 3:46 | Create | Villager (Male) |
| 4:21 | Create | Villager (Male) |
| 4:21 | Create | Villager (Male) |
| 4:22 | Create | Villager (Male) |
| 5:00 | Create | Villager (Male) |
| 5:13 | Build | Mill |
| 5:16 | Create | Villager (Male) |
| 5:16 | Create | Villager (Male) |
| 5:16 | Create | Villager (Male) |
| 6:20 | Research | Feudal Age |
| 6:20 | Research | Feudal Age |
| 6:44 | Build | House |
| 7:10 | Research | Loom |
| 7:11 | Create | Villager (Male) |
| 8:05 | Build | Barracks |
| 8:30 | Age | Feudal Age |
| 8:41 | Create | Villager (Male) |
| 8:57 | Build | Stable |
| 8:58 | Create | Villager (Male) |
| 9:12 | Create | Villager (Male) |
| 9:14 | Build | House |
| 9:17 | Research | Double-Bit Axe |
| 9:18 | Research | Double-Bit Axe |
| 9:26 | Build | Farm |
| 9:30 | Build | Farm |
| 9:48 | Create | Villager (Male) |
| 10:00 | Build | Farm |
| 10:15 | Create | Scout Cavalry |
| 10:16 | Create | Scout Cavalry |
| 10:20 | Build | Farm |
| 10:41 | Create | Villager (Male) |
| 10:43 | Build | Farm |
| 10:44 | Build | Farm |
| 10:49 | Build | House |
| 10:58 | Create | Scout Cavalry |
| 11:00 | Create | Villager (Male) |
| 11:02 | Build | Farm |
| 11:18 | Create | Villager (Male) |
| 11:19 | Build | House |
| 11:33 | Build | Farm |
| 11:43 | Create | Scout Cavalry |
| 11:48 | Create | Villager (Male) |
| 11:50 | Build | Farm |
| 12:02 | Build | Palisade Wall |
| 12:09 | Create | Villager (Male) |
| 12:11 | Build | Farm |
| 12:13 | Create | Scout Cavalry |
| 12:25 | Create | Villager (Male) |
| 12:33 | Create | Villager (Male) |
| 12:37 | Build | Farm |
| 12:38 | Build | Farm |
| 12:40 | Create | Scout Cavalry |
| 12:50 | Create | Villager (Male) |
| 13:01 | Create | Scout Cavalry |
| 13:06 | Build | House |
| 13:07 | Build | House |
| 13:13 | Build | Farm |
| 13:14 | Build | Farm |
| 13:16 | Create | Villager (Male) |
| 13:25 | Build | Farm |
| 13:33 | Create | Villager (Male) |
| 13:39 | Build | House |
| 13:40 | Build | House |
| 13:43 | Create | Villager (Male) |
| 13:45 | Build | Farm |
| 14:10 | Create | Villager (Male) |
| 14:11 | Create | Scout Cavalry |
| 14:19 | Create | Villager (Male) |
| 14:25 | Build | House |
| 14:32 | Create | Villager (Male) |
| 14:38 | Build | Blacksmith |
| 14:39 | Build | Farm |
| 14:45 | Create | Scout Cavalry |
| 14:59 | Create | Villager (Male) |
| 15:10 | Create | Villager (Male) |
| 15:12 | Build | Farm |
| 15:16 | Build | Farm |
| 15:17 | Build | Farm |
| 15:20 | Create | Villager (Male) |
| 15:22 | Build | Mining Camp |
| 15:29 | Create | Villager (Male) |
| 15:52 | Create | Villager (Male) |
| 15:55 | Build | House |
| 15:57 | Create | Scout Cavalry |
| 16:17 | Research | Scale Barding Armor |
| 16:17 | Research | Scale Barding Armor |
| 16:20 | Build | Farm |
| 16:22 | Build | House |
| 16:30 | Create | Villager (Male) |
| 16:33 | Build | Farm |
| 16:34 | Build | Farm |
| 16:39 | Build | House |
| 16:43 | Create | Scout Cavalry |
| 17:02 | Create | Scout Cavalry |
| 17:03 | Create | Villager (Male) |
| 17:04 | Research | Forging |
| 17:04 | Research | Forging |
| 17:12 | Build | Palisade Wall |
| 17:14 | Build | Palisade Wall |
| 17:18 | Build | Palisade Gate |
| 17:25 | Create | Scout Cavalry |
| 17:41 | Research | Wheelbarrow |
| 17:51 | Build | Farm |
| 18:19 | Create | Villager (Male) |
| 18:53 | Build | Stable |
| 19:01 | Create | Villager (Male) |
| 19:14 | Build | Lumber Camp |
| 19:27 | Create | Villager (Male) |
| 19:54 | Research | Castle Age |
| 19:54 | Research | Castle Age |
| 19:54 | Research | Castle Age |
| 20:10 | Research | Gold Mining |
| 20:11 | Research | Gold Mining |
| 21:19 | Build | Stable |
| 21:24 | Build | House |
| 21:32 | Create | Villager (Male) |
| 22:09 | Build | House |
| 22:10 | Build | House |
| 22:34 | Age | Castle Age |
| 22:36 | Create | Villager (Male) |
| 22:38 | Build | Town Center |
| 22:39 | Research | Light Cavalry (upgrade) |
| 22:39 | Research | Light Cavalry (upgrade) |
| 22:40 | Create | Villager (Male) |
| 22:43 | Build | Town Center |
| 22:47 | Create | Knight |
| 22:48 | Create | Knight |
| 22:48 | Create | Knight |
| 22:50 | Research | Chain Barding Armor |
| 22:50 | Research | Chain Barding Armor |
Match timeline
| 2:01 | __67_7SmigoL._Arg · wall_segment Palisade Wall x4 |
| 2:02 | __67_7SmigoL._Arg · wall_segment Palisade Wall x3 |
| 2:04 | __67_7SmigoL._Arg · wall_segment Palisade Wall x2 |
| 2:04 | __67_7SmigoL._Arg · wall_segment Palisade Wall x1 |
| 2:04 | __67_7SmigoL._Arg · wall_segment Palisade Wall x1 |
| 2:05 | __67_7SmigoL._Arg · wall_segment Palisade Wall x1 |
| 2:05 | __67_7SmigoL._Arg · wall_segment Palisade Wall x1 |
| 4:29 | queKa · wall_segment Palisade Wall x1 |
| 5:33 | Pandora_heart · wall_segment Palisade Wall x7 |
| 5:35 | Pandora_heart · wall_segment Palisade Wall x1 |
| 5:53 | __67_7SmigoL._Arg · wall_segment Palisade Wall x3 |
| 6:11 | Pandora_heart · wall_segment Palisade Wall x15 |
| 6:29 | __67_7SmigoL._Arg · wall_segment Palisade Wall x3 |
| 6:38 | Pandora_heart · wall_segment Palisade Wall x8 |
| 7:09 | bdstanley32 · first_building Barracks |
| 7:11 | bdstanley32 · wall_segment Palisade Wall x1 |
| 7:17 | __67_7SmigoL._Arg · wall_segment Palisade Wall x10 |
| 7:30 | queKa · first_building Barracks |
| 7:38 | __67_7SmigoL._Arg · wall_segment Palisade Wall x6 |
| 7:48 | Pandora_heart · wall_segment Palisade Wall x5 |
| 7:51 | __91_Minatus_Arg · first_building Barracks |
| 8:04 | fouseyfire · first_building Barracks |
| 8:05 | __97_Unknown_Arg · first_building Barracks |
| 8:08 | Pandora_heart · wall_segment Palisade Wall x8 |
| 8:19 | __67_7SmigoL._Arg · wall_segment Palisade Wall x5 |
| 8:20 | __67_7SmigoL._Arg · wall_segment Palisade Wall x2 |
| 8:30 | __97_Unknown_Arg · age_up feudal |
| 8:39 | Pandora_heart · wall_segment Palisade Wall x12 |
| 8:39 | . · first_building Barracks |
| 8:41 | Pandora_heart · wall_segment Palisade Wall x1 |
| 8:47 | bdstanley32 · wall_segment Palisade Wall x3 |
| 8:49 | __67_7SmigoL._Arg · wall_segment Palisade Wall x4 |
| 8:50 | Pandora_heart · wall_segment Palisade Wall x1 |
| 8:51 | fouseyfire · age_up feudal |
| 8:51 | queKa · age_up feudal |
| 8:51 | bdstanley32 · age_up feudal |
| 8:55 | bdstanley32 · first_building Stable |
| 8:56 | Pandora_heart · wall_segment Palisade Wall x1 |
| 8:57 | __97_Unknown_Arg · first_building Stable |
| 8:57 | __67_7SmigoL._Arg · first_building Barracks |
| 8:58 | Pandora_heart · wall_segment Palisade Wall x1 |
| 8:59 | Pandora_heart · wall_segment Palisade Wall x1 |
| 9:00 | Pandora_heart · wall_segment Palisade Wall x1 |
| 9:00 | __91_Minatus_Arg · age_up feudal |
| 9:02 | queKa · first_building Archery Range |
| 9:07 | fouseyfire · first_building Stable |
| 9:09 | __91_Minatus_Arg · first_building Stable |
| 9:15 | __67_7SmigoL._Arg · wall_segment Palisade Wall x4 |
| 9:25 | . · age_up feudal |
| 9:26 | __91_Minatus_Arg · wall_segment Palisade Wall x2 |
| 9:28 | queKa · wall_segment Palisade Wall x4 |
| 9:37 | bdstanley32 · wall_segment Palisade Wall x1 |
| 9:40 | Pandora_heart · wall_segment Palisade Wall x17 |
| 9:47 | . · first_building Archery Range |
| 9:47 | bdstanley32 · wall_segment Palisade Wall x6 |
| 9:54 | __67_7SmigoL._Arg · wall_segment Palisade Wall x10 |
| 9:58 | fouseyfire · wall_segment Palisade Wall x1 |
| 10:05 | __67_7SmigoL._Arg · age_up feudal |
| 10:08 | __67_7SmigoL._Arg · first_building Archery Range |
| 10:16 | fouseyfire · wall_segment Palisade Wall x1 |
| 10:28 | __91_Minatus_Arg · wall_segment Palisade Wall x4 |
| 10:33 | fouseyfire · wall_segment Palisade Wall x1 |
| 10:59 | fouseyfire · wall_segment Palisade Wall x1 |
| 11:00 | fouseyfire · wall_segment Palisade Wall x1 |
| 11:01 | fouseyfire · wall_segment Palisade Wall x1 |
| 11:16 | queKa · wall_segment Palisade Wall x11 |
| 11:41 | fouseyfire · wall_segment Palisade Wall x1 |
| 11:42 | __91_Minatus_Arg · wall_segment Palisade Wall x13 |
| 11:43 | fouseyfire · wall_segment Palisade Wall x2 |
| 11:47 | __91_Minatus_Arg · wall_segment Palisade Wall x1 |
| 11:49 | Pandora_heart · wall_segment Palisade Wall x1 |
| 12:02 | __97_Unknown_Arg · wall_segment Palisade Wall x6 |
| 12:04 | __91_Minatus_Arg · wall_segment Palisade Wall x13 |
| 12:13 | fouseyfire · wall_segment Palisade Wall x1 |
| 12:13 | __67_7SmigoL._Arg · wall_segment Palisade Wall x8 |
| 12:15 | fouseyfire · wall_segment Palisade Wall x1 |
| 12:38 | __67_7SmigoL._Arg · wall_segment Palisade Wall x1 |
| 12:45 | fouseyfire · wall_segment Palisade Wall x12 |
| 13:24 | queKa · wall_segment Palisade Wall x1 |
| 13:26 | queKa · wall_segment Palisade Wall x4 |
| 14:36 | Pandora_heart · age_up feudal |
| 15:04 | __91_Minatus_Arg · wall_segment Palisade Wall x5 |
| 15:05 | __91_Minatus_Arg · wall_segment Palisade Wall x5 |
| 15:28 | fouseyfire · wall_segment Palisade Wall x4 |
| 16:24 | Pandora_heart · first_building Barracks |
| 17:12 | __97_Unknown_Arg · wall_segment Palisade Wall x5 |
| 17:14 | __97_Unknown_Arg · wall_segment Palisade Wall x4 |
| 17:15 | Pandora_heart · first_market_buy 100 food |
| 17:29 | Pandora_heart · first_building Archery Range |
| 19:10 | __67_7SmigoL._Arg · first_market_buy 100 food |
| 19:56 | fouseyfire · wall_segment Palisade Wall x1 |
| 19:58 | Pandora_heart · age_up castle |
| 20:02 | fouseyfire · wall_segment Palisade Wall x1 |
| 20:10 | __91_Minatus_Arg · wall_segment Palisade Wall x1 |
| 20:12 | __91_Minatus_Arg · wall_segment Palisade Wall x1 |
| 20:13 | __91_Minatus_Arg · wall_segment Palisade Wall x1 |
| 20:13 | __91_Minatus_Arg · wall_segment Palisade Wall x1 |
| 20:14 | __91_Minatus_Arg · wall_segment Palisade Wall x1 |
| 20:52 | bdstanley32 · first_market_buy 100 food |
| 21:25 | fouseyfire · wall_segment Palisade Wall x9 |
| 21:30 | fouseyfire · wall_segment Palisade Wall x1 |
| 21:31 | fouseyfire · wall_segment Palisade Wall x1 |
| 21:32 | fouseyfire · wall_segment Palisade Wall x1 |
| 21:33 | fouseyfire · wall_segment Palisade Wall x1 |
| 21:34 | fouseyfire · wall_segment Palisade Wall x1 |
| 21:37 | fouseyfire · wall_segment Palisade Wall x14 |
| 21:47 | __91_Minatus_Arg · age_up castle |
| 21:52 | queKa · age_up castle |
| 21:59 | Pandora_heart · wall_segment Palisade Wall x1 |
| 22:05 | __67_7SmigoL._Arg · age_up castle |
| 22:11 | __67_7SmigoL._Arg · first_market_sell 100 food |
| 22:14 | bdstanley32 · first_market_sell 100 wood |
| 22:34 | __97_Unknown_Arg · age_up castle |
| 22:50 | __91_Minatus_Arg · first_building Castle |
| 24:12 | bdstanley32 · wall_segment Palisade Wall x1 |
| 24:19 | fouseyfire · age_up castle |
| 24:21 | Pandora_heart · first_building Siege Workshop |
| 25:17 | bdstanley32 · age_up castle |
| 25:36 | fouseyfire · wall_segment Palisade Wall x1 |
| 25:36 | bdstanley32 · wall_segment Palisade Wall x1 |
| 25:52 | Pandora_heart · first_market_sell 100 food |
| 25:56 | bdstanley32 · wall_segment Palisade Wall x1 |
| 26:02 | fouseyfire · first_market_sell 100 stone |
| 26:07 | bdstanley32 · wall_segment Palisade Wall x1 |
| 26:14 | . · age_up castle |
| 26:18 | fouseyfire · wall_segment Palisade Wall x1 |
| 29:03 | bdstanley32 · wall_segment Palisade Wall x1 |
| 29:34 | queKa · first_building Monastery |
| 29:44 | bdstanley32 · first_building Monastery |
| 30:14 | __97_Unknown_Arg · first_market_sell 100 wood |
| 30:15 | __97_Unknown_Arg · first_market_buy 100 stone |
| 30:23 | . · first_building Castle |
| 30:34 | __67_7SmigoL._Arg · first_building Monastery |
| 30:56 | fouseyfire · resign |
[ AI ANALYSIS · 1 CREDIT ]
What really happened in this match?
Wolo.gg analyzes every decision: build order, eco, micro, common mistakes by bracket. Personalized analysis on WhatsApp or Discord in 30 seconds.
Civ guide
Lithuanians
Perfil
Jugador #6356741